 Dungeon Crawl Stone Soup version 0.26-a0-61-g6c07f0ee8d (webtiles) character file.

Game seed: 13155816854947574494

137733 Ijustatesigmund the Severer (level 17, 0/162 HPs)
             Began as a Hill Orc Fighter on June 8, 2020.
             Was the Champion of Cheibriados.
             Engulfed by a cloud of flame (12 damage)
             ... on level 3 of the Snake Pit on June 9, 2020.
             The game lasted 01:15:31 (32045 turns).

Ijustatesigmund the Severer (Hill Orc Fighter)     Turns: 32045, Time: 01:15:32

Health: 0/162      AC: 24    Str: 42    XL:     17   Next: 24%
Magic:  29/29      EV: 23    Int: 23    God:    Cheibriados [******]
Gold:   1542       SH: 16    Dex: 33    Spells: 13/16 levels left

rFire    . . .     SeeInvis +   a - +9 broad axe
rCold    . . .     Gourm    .   c - +0 kite shield
rNeg     . . .     Faith    .   g - +0 acid dragon scales
rPois    .         Spirit   .   A - +2 helmet {SInv}
rElec    .         Reflect  .   Q - +1 cloak
rCorr    +         Harm     .   F - +1 pair of gloves
MR       +....                  e - +1 pair of boots
Stlth    ++........             m - amulet of regeneration
HPRegen  0.77/turn              b - ring of Unkitel {Str+6 Dex+3}
MPRegen  0.21/turn              E - +4 ring of protection

@: very slightly contaminated, invisible (expiring), very slow
A: rugged brown scales 1, subdued magic 1
a: Bend Time, Temporal Distortion, Slouch, Step From Time, Renounce Religion


You were on level 3 of the Snake Pit.
You worshipped Cheibriados.
Cheibriados was exalted by your worship.
You were not hungry.

You visited 5 branches of the dungeon, and saw 27 of its levels.
You also visited: Ossuary, Ice Cave and Volcano.

You collected 2234 gold pieces.
You spent 692 gold pieces at shops.

Inventory:

Hand Weapons
 a - a +9 broad axe (weapon)
 o - a +1 morningstar of holy wrath
 K - a +1 war axe of flaming
Armour
 c - a +0 kite shield (worn)
 e - a +1 pair of boots (worn)
 g - +0 acid dragon scales (worn)
 k - +0 ice dragon scales
 A - a +2 helmet of see invisible (worn)
 F - a +1 pair of gloves (worn)
 Q - a +1 cloak (worn)
Jewellery
 b - the ring of Unkitel (left hand) {Str+6 Dex+3}
   (You found it on level 10 of the Dungeon)

   [ring of strength]

   It affects your strength (+6).
   It affects your dexterity (+3).
 m - an amulet of regeneration (around neck)
 E - a +4 ring of protection (right hand)
 G - an uncursed ring of resist corrosion
 N - an uncursed ring of protection from magic
 P - the amulet of Duaruch {Faith Stlth+}
   (You found it in an ice cave)

   [amulet of faith]

   It allows you to gain divine favour quickly.
   It makes you more stealthy.
 R - an uncursed ring of ice
Wands
 i - a wand of clouds (4)
 l - a wand of polymorph (16)
 p - a wand of iceblast (5)
 q - a wand of flame (24)
 v - a wand of enslavement (12)
 y - a wand of digging (5)
 B - a wand of disintegration (44)
 J - a wand of acid (15)
Scrolls
 j - 13 scrolls of remove curse
 n - 2 scrolls of teleportation
 t - 7 scrolls of amnesia
 x - 4 scrolls of immolation
 C - 12 scrolls of identify
 D - 2 scrolls of fog
 L - a scroll of fear
Potions
 d - a potion of might
 h - 2 potions of magic
 r - 5 potions of curing
 w - 3 potions of flight
 z - 3 potions of brilliance
 H - a potion of invisibility
 M - 2 potions of stabbing
Comestibles
 f - 33 rations


   Skills:
 - Level 16.2 Fighting
 - Level 17.4 Axes
 - Level 10.1 Armour
 - Level 10.2 Dodging
 - Level 10.0 Shields
 + Level 3.9 Summonings
 * Level 4.8 Translocations
 - Level 17.1 Invocations
 - Level 5.6 Evocations


You had 13 spell levels left.
You knew the following spells:

 Your Spells              Type           Power        Failure   Level  Hunger
a - Summon Butterflies    Summ           ##......     5%          1    ##.....
b - Blink                 Tloc           N/A          5%          2    ###....

Your spell library contained the following spells:

 Spells                   Type           Power        Failure   Level  Hunger
 Gell's Gravitas          Tloc           ###.......   12%         3    ####...
 Lesser Beckoning         Tloc           ###.......   12%         3    ####...
 Teleport Other           Tloc           ###.....     12%         3    ####...
 Shroud of Golubria       Chrm/Tloc      #.....       16%         2    ###....
 Call Canine Familiar     Summ           ##......     17%         3    ####...
 Animate Skeleton         Necr           N/A          28%         1    ##.....
 Infusion                 Chrm           #...         28%         1    ##.....
 Pain                     Necr           #...         28%         1    ##.....
 Passage of Golubria      Tloc           N/A          36%         4    #####..
 Passwall                 Tmut/Erth      #.......     41%         2    ###....
 Song of Slaying          Chrm           #.......     41%         2    ###....
 Swiftness                Chrm/Air       #.......     41%         2    ###....
 Ozocubu's Armour         Chrm/Ice       #.......     65%         3    ####...
 Spectral Weapon          Hex/Chrm       #.......     65%         3    ####...
 Vampiric Draining        Necr           #.........   65%         3    ####...
 Summon Ice Beast         Ice/Summ       #.......     80%         4    #####..
 Animate Dead             Necr           N/A          96%         4    #####..
 Leda's Liquefaction      Hex/Erth       #.........   96%         4    #####..
 Summon Mana Viper        Hex/Summ       #.......     98%         5    ######.
 Agony                    Necr           #.......     100%        5    ######.
 Bolt of Magma            Conj/Fire/Erth #.........   100%        5    ######.
 Irradiate                Conj/Tmut      #.........   100%        5    ######.
 Lee's Rapid Deconstruct  Erth           #.........   100%        5    ######.
 Darkness                 Hex            #.........   100%        6    #######
 Hydra Form               Tmut           #.........   100%        6    #######
 Invisibility             Hex            #.......     100%        6    #######
 Iron Shot                Conj/Erth      #.........   100%        6    #######
 Statue Form              Tmut/Erth      #........    100%        6    #######
 Dragon Form              Tmut           #.........   100%        7    #######
 Summon Hydra             Summ           ##........   100%        7    #######
 Shatter                  Erth           #.........   100%        9    #######


Dungeon Overview and Level Annotations

Branches:
Dungeon (15/15)            Temple (1/1) D:7            Lair (6/6) D:9
 Shoals (0/4) Lair:4        Snake (3/4) Lair:3        Slime (0/5) Lair:6
    Orc (2/2) D:11            Elf (0/3) Orc:2        Vaults (0/5) D:14
 Depths (0/5) D:15        Ossuary (visited)           IceCv (visited)
Volcano (visited)

Altars:
Ashenzari
Cheibriados
Dithmenos
Elyvilon
Fedhas
Gozag
Hepliaklqana
Kikubaaqudgha
Makhleb
Nemelex Xobeh
Okawaru
Qazlal
Ru
Sif Muna
Trog
Uskayaw
Vehumet
Wu Jian
Xom
Yredelemnul
Zin
The Shining One
Jiyva

Shops:
D:8 *[=}   Orc:2 [(([   Snake:2 (}:[

Portals:
Bazaar: Snake:3

Annotations:
Snake:3 1 transporter


Innate Abilities, Weirdness & Mutations

You are partially covered in rugged brown scales. (AC +1, +3% HP)
Your spells are a little easier to cast, but a little less powerful.


Message History

Really walk into a travel-excluded area?
You hear the stately tolling of a bell nearby.
The nagaraja spits poison at you. You block the splash of poison.
Found a throwing net and 16 gold pieces.
You feel much better.
The nagaraja gestures wildly while chanting.
The nagaraja seems to speed up.
You flicker for a moment.
You are engulfed in blazing flames.
* * * LOW HITPOINT WARNING * * *
You feel a little less mighty now. The nagaraja spits poison at you.
The splash of poison hits you but does no damage.
You are poisoned.
Found a flickering gateway to a bazaar.
You feel better.
You are engulfed in blazing flames.
The nagaraja barely misses you.
You are engulfed in blazing flames.
You die...

,******,,,,**** *,,*,,,**,,,*
* ,,,,,,,^,....* *,,*,,,**,,,*
,,***,,*,#...###########******
,****,**,#.>.#..○.°☼○.○#
,*,,,,**,*#...○○..○..○○#
,,,*****,*#.....○☼.○°○.#
,,,**,,,,*#...$.$.$.$.∩#
,,,**,*####..#°○.○.☼.°○#
,,**,.##.......○@.○○°○°#
,,.*,#...?...N°○☼○°.○☼°#
,...,,(#.....###########
......*#...N####...,,,*
....#.##.#.##......,,,*
<........N.*.....#,,,,*
#.....#...#*.....#.****
..........##.......#######**
.#....#..)..##..≈≈≈≈≈≈≈≈..,*


You could see 2 nagarajas.

Vanquished Creatures
  Rupert (D:14)
  Roxanne (Snake:1)
  A nagaraja (Snake:2)
  Azrael (D:12)
  A white draconian (IceCv)
  3 dire elephants (Lair:6)
  Snorg (Orc:1)
  An ettin (Orc:1)
  An ice dragon (D:15)
  Josephine (D:13)
  10 hydras
  3 centaur warriors
  3 naga warriors (Snake:1)
  2 death knights
  2 two-headed ogres (D:11)
  The ghost of Besiuda the Destroyer, a journeyman DEFE of Vehumet (Lair:1)
  7 anacondas
  6 death yaks
  A vampire mage (D:15)
  5 shock serpents
  A tengu warrior (D:13)
  Urug (Lair:4)
  8 naga sharpshooters
  An orc high priest (Orc:1)
  Nergalle (Orc:1)
  6 skeletal warriors
  4 naga ritualists
  A sea snake (Snake:3)
  3 unseen horrors
  2 orc knights
  Pikel (D:8)
  An iron dragon zombie (D:15)
  4 phantasmal warriors
  3 necromancers
  An anaconda skeleton (Volcano)
  9 salamanders
  An oklob plant (Lair:3)
  An orc sorcerer (Orc:1)
  6 mana vipers
  2 manticores
  A deep elf mage (D:10)
  2 cyclopes
  7 ugly things
  4 elephants (Lair:6)
  A centaur zombie (D:15)
  22 black mambas
  An ice statue (IceCv)
  Joseph (D:7)
  8 spiny frogs
  10 naga magi
  5 gargoyles
  2 kobold demonologists (D:11)
  Maggie (D:9)
  A rime drake (IceCv)
  2 komodo dragons (Lair:2)
  A freezing wraith (D:14)
  A tengu conjurer (D:13)
  A yaktaur skeleton (D:15)
  A guardian mummy (D:15)
  10 trolls
  18 polar bears
  9 slime creatures
  13 blink frogs
  A harpy skeleton (Volcano)
  An ettin zombie (D:15)
  8 hippogriffs
  An alligator skeleton (Volcano)
  2 flying skulls (Volcano)
  64 yaks
  2 shadows
  3 wyverns
  7 wraiths
  2 basilisks (Lair:1)
  2 fire elementals (D:11)
  2 hungry ghosts
  A steam dragon (Lair:4)
  2 vampire mosquitoes (D:11)
  3 wargs
  44 nagas
  An acid dragon (D:12)
  4 hell hounds (D:11)
  10 water moccasins
  5 porcupines
  A slave (D:8)
  42 orc warriors
  5 sky beasts
  An eye of draining (D:14)
  8 ogres
  28 wolves
  6 ice beasts
  2 necrophages
  14 crocodiles
  29 centaurs
  3 big kobolds
  A yaktaur zombie (D:15)
  2 wyvern zombies
  20 bullfrogs
  A water moccasin zombie (D:6)
  A wyvern skeleton (D:13)
  17 scorpions
  11 killer bees
  2 water moccasin skeletons
  12 wights
  4 electric eels
  2 howler monkeys
  7 crimson imps
  3 bullfrog zombies
  A human zombie (Ossuary)
  A quasit (D:7)
  11 hounds
  6 jellies
  4 bullfrog skeletons
  7 centaur skeletons
  18 orc priests
  A gnoll shaman (D:6)
  16 orc wizards
  3 iguanas
  16 worker ants
  2 big kobold zombies (Ossuary)
  2 naga skeletons (Volcano)
  3 mummies (Ossuary)
  7 gnolls
  4 scorpion zombies (Ossuary)
  19 adders
  5 shadow imps
  An ooze (D:2)
  2 adder skeletons
  2 worms
  2 dart slugs
  6 leopard geckos
  76 orcs
  7 giant cockroaches
  10 goblins
  11 hobgoblins
  7 jackals
  6 quokkas
  2 ball pythons
  16 bats
  6 frilled lizards
  4 gnoll zombies (Ossuary)
  3 goblin zombies (Ossuary)
  2 hobgoblin zombies (Ossuary)
  18 kobolds
  2 leopard gecko skeletons
  A leopard gecko zombie (D:6)
  An orc zombie (Ossuary)
  A quokka skeleton (D:7)
  A quokka zombie (D:8)
  9 rats
  4 fungi
  3 plants (Lair:6)
  2 withered plants (D:15)
949 creatures vanquished.

Vanquished Creatures (others)
  A flying skull (Volcano)
  A naga (Snake:3)
  An orc warrior (Orc:2)
  2 fungi
  8 plants (D:9)
13 creatures vanquished.

Grand Total: 962 creatures vanquished

Notes
Turn   | Place    | Note
-------+----------+-------------------------------------------
     0 | D:1      | Ijustatesigmund the Hill Orc Fighter began the quest for
                  | the Orb.
     0 | D:1      | Reached XP level 1. HP: 19/19 MP: 1/1
   206 | D:1      | Reached XP level 2. HP: 26/27 MP: 2/2
   444 | D:1      | Reached XP level 3. HP: 32/33 MP: 3/3
  1052 | D:2      | Reached XP level 4. HP: 25/41 MP: 4/4
  1566 | D:2      | Reached skill level 5 in Axes
  2343 | D:3      | Reached XP level 5. HP: 36/47 MP: 5/5
  2790 | D:3      | Reached skill level 5 in Fighting
  3366 | D:4      | Reached XP level 6. HP: 39/56 MP: 6/6
  3690 | D:4      | Noticed an ice beast
  3992 | D:4      | Killed an ice beast
  3992 | D:4      | Reached skill level 5 in Armour
  3992 | D:4      | Reached XP level 7. HP: 45/63 MP: 7/7
  4506 | D:4      | Reached skill level 1 in Dodging
  4598 | D:5      | Entered Level 5 of the Dungeon
  4712 | D:5      | Reached XP level 8. HP: 71/71 MP: 8/8
  5584 | D:6      | Reached skill level 5 in Shields
  6510 | D:6      | Reached XP level 9. HP: 69/81 MP: 9/9
  7064 | D:7      | Found a sand-covered staircase.
  7072 | Ossuary  | Entered an ossuary
  7435 | Ossuary  | Reached skill level 10 in Axes
  7873 | D:7      | Noticed Joseph
  8296 | D:7      | Killed Joseph
  8296 | D:7      | Reached XP level 10. HP: 93/93 MP: 10/10
  8331 | D:7      | Reached skill level 10 in Fighting
  8422 | D:7      | Found a staircase to the Ecumenical Temple.
  8611 | Temple   | Entered the Ecumenical Temple
  8612 | Temple   | Upgraded the game from 0.26-a0-58-g79b31b8662 to
                  | 0.26-a0-61-g6c07f0ee8d
  8693 | Temple   | Became a worshipper of Cheibriados the Contemplative
  8763 | D:8      | Found Seklafaj's Jewellery Shoppe.
  8799 | D:8      | Reached skill level 1 in Invocations
  9093 | D:8      | Found Teisch's General Store.
  9100 | D:8      | Bought a potion of mutation for 96 gold pieces
  9100 | D:8      | Gained mutation: Your spells are a little easier to cast,
                  | but a little less powerful. [potion of mutation]
  9100 | D:8      | Gained mutation: Your spells are easier to cast, but less
                  | powerful. [potion of mutation]
  9100 | D:8      | Gained mutation: You are partially covered in rugged brown
                  | scales. (AC +1, +3% HP) [potion of mutation]
  9100 | D:8      | Lost mutation: Your spells are easier to cast, but less
                  | powerful. [potion of mutation]
  9181 | D:8      | Reached * piety under Cheibriados
  9199 | D:8      | Found Peulo's Gadget Boutique.
  9347 | D:8      | Found Opusal's Armour Boutique.
  9573 | D:8      | Bought a +2 helmet of see invisible for 236 gold pieces
  9685 | D:8      | Noticed Pikel
  9698 | D:8      | Killed Pikel
 10159 | D:9      | Reached ** piety under Cheibriados
 10364 | D:9      | Reached skill level 5 in Invocations
 10556 | D:9      | Found a staircase to the Lair.
 10959 | D:9      | Reached *** piety under Cheibriados
 10998 | D:9      | Noticed Maggie
 11000 | D:9      | Found a sparkling altar of Nemelex Xobeh.
 11008 | D:9      | Killed Maggie
 11020 | D:9      | Reached XP level 11. HP: 95/104 MP: 14/16
 11144 | D:9      | Found a blossoming altar of Fedhas.
 11220 | D:10     | Entered Level 10 of the Dungeon
 11253 | D:10     | Noticed a deep elf mage
 11262 | D:10     | Noticed a sun demon
 11267 | D:10     | Noticed a sun demon
 11593 | D:10     | Noticed a sun demon
 11600 | D:10     | Killed a deep elf mage
 11605 | D:10     | Got a brightly glowing wooden ring
 11614 | D:10     | Identified the ring of Unkitel {Str+6 Dex+3} (You found it
                  | on level 10 of the Dungeon)
 11896 | D:10     | Reached **** piety under Cheibriados
 12267 | D:11     | Found a staircase to the Orcish Mines.
 12271 | D:11     | Reached ***** piety under Cheibriados
 12285 | D:11     | Noticed a two-headed ogre
 12291 | D:11     | Noticed a cyclops
 12292 | D:11     | Killed a two-headed ogre
 12302 | D:11     | Killed a cyclops
 12750 | D:11     | Noticed a four-headed hydra
 12765 | D:11     | HP: 3/106 [11-headed hydra (8)]
 12771 | D:12     | Noticed a four-headed hydra
 13174 | D:11     | Noticed a manticore
 13186 | D:11     | Killed a manticore
 13299 | D:11     | Reached skill level 10 in Invocations
 13389 | D:11     | Killed an 11-headed hydra
 13642 | D:11     | Reached XP level 12. HP: 104/115 MP: 19/19
 13765 | D:12     | Noticed Azrael
 13766 | D:12     | Noticed a two-headed ogre
 13778 | D:11     | Killed a two-headed ogre
 14647 | D:11     | Killed a five-headed hydra
 14647 | D:11     | Reached skill level 5 in Dodging
 15217 | D:12     | Killed Azrael
 15222 | D:12     | Noticed an eight-headed hydra
 15231 | Orc:1    | Entered Level 1 of the Orcish Mines
 15367 | Orc:1    | Noticed an orc high priest
 15376 | Orc:1    | Noticed a sun demon
 15378 | Orc:1    | Killed an orc high priest
 15385 | Orc:1    | Reached XP level 13. HP: 48/122 MP: 22/22
 15810 | Orc:2    | Entered Level 2 of the Orcish Mines
 15981 | Orc:2    | Noticed Snorg
 16004 | Orc:1    | Killed Snorg
 16509 | Orc:1    | Noticed Nergalle
 16509 | Orc:1    | Noticed an ettin
 16778 | Orc:2    | HP: 5/125 [orc warrior/bolt (8)]
 18035 | Orc:1    | Killed Nergalle
 18068 | Orc:1    | Killed an ettin
 18773 | Orc:2    | Found a staircase to the Elven Halls.
 18894 | Orc:2    | Found Dopn's Antique Weapon Shoppe.
 18894 | Orc:2    | Found Veicyatt's Antique Weapon Shop.
 18896 | Orc:2    | Found Tapsoch's Armour Boutique.
 18898 | Orc:2    | Found Tolyts's Armour Emporium.
 18954 | D:11     | Reached skill level 10 in Armour
 18995 | D:8      | Bought an uncursed amulet of regeneration for 360 gold
                  | pieces
 19645 | D:13     | Reached skill level 1 in Evocations
 19800 | D:13     | Noticed Josephine
 19807 | D:13     | Killed Josephine
 19983 | D:13     | Reached ****** piety under Cheibriados
 20046 | D:13     | Reached XP level 14. HP: 128/133 MP: 25/25
 20046 | D:13     | Reached skill level 15 in Invocations
 20239 | D:14     | Noticed Rupert
 20364 | Lair:1   | Entered Level 1 of the Lair of Beasts
 20388 | Lair:1   | Reached skill level 5 in Evocations
 20480 | Lair:1   | You fall into a shaft and drop 1 floor!
 20530 | Lair:2   | Found the +8 autumn katana {vorpal, Clar}
 20796 | Lair:2   | Identified a +1 pair of boots of running (You found it on
                  | level 2 of the Lair of Beasts)
 20845 | Lair:1   | Found a runed translucent gate.
 20845 | Lair:1   | Found a runed translucent gate.
 20845 | Lair:1   | Found a runed translucent gate.
 21015 | Lair:1   | Noticed Besiuda's ghost (journeyman DEFE)
 21041 | Lair:1   | Killed Besiuda's ghost
 22020 | Lair:3   | Found a staircase to the Snake Pit.
 22798 | Lair:4   | Noticed Urug
 22806 | Lair:4   | Killed Urug
 23483 | Lair:4   | Found a staircase to the Shoals.
 23690 | Lair:5   | Found a dark tunnel.
 23695 | Volcano  | Entered a volcano
 23820 | Volcano  | Reached XP level 15. HP: 141/141 MP: 26/26
 24400 | Lair:6   | Entered Level 6 of the Lair of Beasts
 24480 | Lair:6   | Reached skill level 10 in Shields
 24673 | Lair:6   | Found a staircase to the Slime Pits.
 24674 | Lair:6   | Found a viscous altar of Jiyva.
 25365 | Lair:6   | Reached skill level 15 in Axes
 26223 | D:14     | Killed Rupert
 26663 | D:14     | Found a gate to the Vaults.
 26965 | D:15     | Entered Level 15 of the Dungeon
 26974 | D:15     | Reached skill level 15 in Fighting
 27029 | D:15     | Found a frozen archway.
 27080 | IceCv    | Entered an ice cave
 27523 | IceCv    | Reached XP level 16. HP: 153/153 MP: 27/27
 27578 | IceCv    | Got a vibrating lead amulet
 27580 | IceCv    | Identified the amulet of Duaruch {Faith Stlth+} (You found
                  | it in an ice cave)
 27878 | D:15     | Found a staircase to the Depths.
 28761 | Snake:1  | Entered Level 1 of the Snake Pit
 29103 | Snake:1  | Identified Roxanne's Disquisition on Transformation
 29103 | Snake:1  | Noticed Roxanne
 29122 | Snake:1  | Killed Roxanne
 30144 | Snake:1  | Reached skill level 10 in Dodging
 30849 | Snake:2  | Learned a level 1 spell: Summon Butterflies
 30852 | Snake:2  | Learned a level 2 spell: Blink
 30869 | Snake:2  | Found Ibledgh's Armour Shoppe.
 30879 | Snake:2  | Found Voas's Book Boutique.
 30924 | Snake:2  | Reached skill level 1 in Translocations
 30930 | Snake:2  | Reached skill level 1 in Summonings
 30933 | Snake:2  | Identified the +2 scimitar "Burche" {vorpal, Str+5}
 31060 | Snake:2  | Found Itojasuv's Antique Weapon Shoppe.
 31159 | Snake:2  | Reached XP level 17. HP: 162/162 MP: 29/29
 31440 | Snake:2  | Found Wikhyut's Gadget Boutique.
 32017 | Snake:3  | Found a transporter.
 32038 | Snake:3  | HP: 5/162 [nagaraja/+0 flail (9)]
 32043 | Snake:3  | Found a flickering gateway to a bazaar.
 32043 | Snake:3  | HP: 1/162 [something (36)]
 32045 | Snake:3  | Engulfed by a cloud of flame

Illustrated notes

Levels and vault maps discovered:
D:1:      minmay_arrival_radiant_lines, layout_loops_ring
D:2:      layout_basic, first_ration
D:3:      minmay_general_purpose_star, layout_basic
D:4:      layout_gridville
D:5:      layout_rooms
D:6:      layout_layer_cave
D:7:      layout_rooms, minmay_temple_entry_poolview,
          nicolae_ossuary_entry_plus, uniq_joseph
D:8:      layout_basic, serial_shops, shop, nicolae_shop_waterfront,
          nicolae_shop_temple_entry_statues_fountains, nicolae_shop_stone,
          uniq_pikel
D:9:      layout_cave_pools, fedhas_altar_decomposition, erik_lair_island,
          serial_column_ruins, column_ruins_hut, column_ruins_square_small,
          column_ruins_open_small_water, column_ruins_open_tiny,
          column_ruins_open_medium, column_ruins_open_tiny,
          column_ruins_columns_straight, basic_altar, uniq_maggie
D:10:     layout_cave_pools
D:11:     layout_rooms, david_orc_3
D:12:     layout_long_grid, uniq_azrael
D:13:     layout_roguey, uniq_josephine
D:14:     layout_irregular_city, david_vaults_1, minmay_misc_feat_rows,
          uniq_rupert
D:15:     gammafunk_depths_entry_grave, layout_basic,
          portal_ice_cave_entry_animals_and_master, minmay_liquid_box
Temple:   grunt_wide_crystal_templ
Lair:1:   layout_big_grid, ebering_ghost_rock_garden
Lair:2:   layout_regular_city
Lair:3:   layout_gridlike, minmay_snake_entry_guardpost_medium, roderic_batcave,
          chequers_serial_rivers_large_b, serial_bayou_shore_b,
          lemuel_fruit_tree
Lair:4:   layout_small_grid, minmay_shoals_entry_beasts, uniq_urug
Lair:5:   layout_misc_corridors, enter_volcano_4, grunt_megastairs_4,
          infiniplex_staircase_pool
Lair:6:   due_jungle_book, layout_regular_city, slime_altar_1
Snake:1:  layout_gridlike, st_stairs_2, grunt_megastairs_3, uniq_roxanne
Snake:2:  layout_misc_corridors, serial_shops, shop_statue, shop_statue,
          nicolae_shop_statue_plus, nicolae_shop_crystal, grunt_ministairs_12,
          guppyfry_library_mini
Snake:3:  layout_misc_corridors, serial_shops, bzr_firewalk,
          gammafunk_ghost_berserking_beasts, drop_trap, hangedman_snake_pattern,
          serial_bayou_pond_b, grunt_ministairs_1, guppyfry_snake_island,
          uniq_saint_roka
Orc:1:    layout_diamond_mine, uniq_nergalle
Orc:2:    st_orc_rangers, layout_caves, uniq_snorg

Skill      XL: |  1  2  3  4  5  6  7  8  9 10 11 12 13 14 15 16 17 |
---------------+----------------------------------------------------+-----
Axes           | 3 4 5 6 7 8 10 11 12 13 14 16 17 | 17.4
Fighting       | 4 5 6 8 9 10 11 12 13 15 16 | 16.2
Armour         | 4 5 7 8 9 10 | 10.1
Dodging        | 1 2 4 5 8 10 | 10.2
Shields        | 4 5 9 10 | 10.0
Invocations    | 6 10 13 14 15 17 | 17.1
Evocations     | 4 5 |  5.6
Translocations | 2 4 |  4.8
Summonings     | 1 3 |  3.9

Action                   |  1- 3 |  4- 6 |  7- 9 | 10-12 | 13-15 | 16-18 || total
-------------------------+-------+-------+-------+-------+-------+-------++-------
Melee: War axe           |   107 |   235 |   460 |   540 |   204 |       ||  1546
       Morningstar       |       |       |       |    18 |    23 |       ||    41
       Broad axe         |       |       |       |       |   836 |   500 ||  1336
Throw: Throwing net      |       |       |     1 |       |       |       ||     1
Invok: Bend Time         |       |       |       |     4 |     1 |       ||     5
       Slouch            |       |       |       |     6 |     4 |     5 ||    15
Evoke: Wand              |       |       |       |     7 |    10 |       ||    17
  Use: Scroll            |       |    12 |    10 |    10 |    16 |     6 ||    54
       Potion            |       |     3 |     2 |    11 |     3 |     7 ||    26
 Stab: Sleeping          |       |       |       |     3 |    13 |     2 ||    18
       Distracted        |       |       |       |       |     7 |     1 ||     8
  Eat: Chunk             |     1 |     9 |     7 |     8 |    19 |     2 ||    46
       Ration            |       |       |     3 |     1 |     2 |     2 ||     8
Armor: Scale mail        |    13 |       |       |       |       |       ||    13
       Chain mail        |    74 |   147 |   213 |   121 |       |       ||   555
       Skin              |       |     2 |       |       |       |       ||     2
       Acid dragon scale |       |       |       |   187 |   276 |    96 ||   559
       Ice dragon scales |       |       |       |       |    21 |     8 ||    29
Dodge: Dodged            |    19 |    51 |   107 |   280 |   649 |   298 ||  1404
Block: Kite shield       |    63 |   134 |   211 |   423 |   897 |   429 ||  2157

Table legend:
 A = Non-vault XP
 B = Vault XP
 C = Vault XP percentage of total XP
 D = Non-vault monster count
 E = Vault monster count
 F = Vault count percentage of total count
                 A         B        C        D         E       F
            +---------+---------+-------+---------+---------+-------
      Total |  133305 |   63457 |  32.3 |     697 |     244 |  25.9
            +---------+---------+-------+---------+---------+-------
        D:1 |      47 |       0 |   0.0 |      27 |       0 |   0.0
        D:2 |      61 |       0 |   0.0 |      17 |       0 |   0.0
        D:3 |     160 |      16 |   9.1 |      27 |       2 |   6.9
        D:4 |     667 |       0 |   0.0 |      24 |       0 |   0.0
        D:5 |     474 |       0 |   0.0 |      17 |       0 |   0.0
        D:6 |    1472 |       0 |   0.0 |      31 |       0 |   0.0
        D:7 |     775 |     439 |  36.2 |      20 |       1 |   4.8
        D:8 |    1006 |     641 |  38.9 |      36 |       1 |   2.7
        D:9 |    1581 |    1164 |  42.4 |      36 |       8 |  18.2
       D:10 |    2155 |       0 |   0.0 |      28 |       0 |   0.0
       D:11 |   12927 |    1371 |   9.6 |      57 |      11 |  16.2
       D:12 |    5020 |    1263 |  20.1 |      31 |       1 |   3.1
       D:13 |    9485 |    1787 |  15.9 |      43 |       5 |  10.4
       D:14 |    7124 |    5108 |  41.8 |      21 |       6 |  22.2
       D:15 |    7926 |    5935 |  42.8 |      21 |      16 |  43.2
     Lair:1 |    4341 |     907 |  17.3 |      22 |       1 |   4.3
     Lair:2 |    4537 |       0 |   0.0 |      17 |       0 |   0.0
     Lair:3 |    5751 |     977 |  14.5 |      24 |      14 |  36.8
     Lair:4 |    8573 |    1623 |  15.9 |      31 |       3 |   8.8
     Lair:5 |    4124 |    1383 |  25.1 |      10 |       7 |  41.2
     Lair:6 |    8033 |    2729 |  25.4 |      15 |       5 |  25.0
    Snake:1 |   20341 |    7402 |  26.7 |      38 |      10 |  20.8
    Snake:2 |   16247 |    6200 |  27.6 |      37 |      17 |  31.5
    Snake:3 |    3825 |    1160 |  23.3 |      10 |       4 |  28.6
      Orc:1 |    5894 |    2229 |  27.4 |      42 |       4 |   8.7
      Orc:2 |     759 |    3943 |  83.9 |      15 |      36 |  70.6
    Ossuary |       0 |     913 | 100.0 |       0 |      32 | 100.0
      IceCv |       0 |   11881 | 100.0 |       0 |      48 | 100.0
    Volcano |       0 |    4386 | 100.0 |       0 |      12 | 100.0
            +---------+---------+-------+---------+---------+-------
